 Dungeon Crawl Stone Soup version 0.28-a0-793-g31680bbd8b (webtiles) character file.

Game seed: 9809759724867833307

97 mathmaestro the Ruffian (level 4, -15/45 HPs)
             Began as a Troll Monk on Nov 4, 2021.
             Demolished by an ogre (21 damage)
             ... on level 2 of the Dungeon.
             The game lasted 00:02:02 (1334 turns).

mathmaestro the Ruffian (Troll Monk)                Turns: 1334, Time: 00:02:02

Health: -15/45     AC:  4    Str: 20    XL:     4   Next: 42%
Magic:  3/3        EV: 10    Int:  6    God:
Gold:   72         SH:  0    Dex: 12    Spells: 3/3 levels left

rFire   . . .      SeeInvis .     - Unarmed
rCold   . . .      Faith    .   (no shield)
rNeg    . . .      Spirit   .   a - +0 robe
rPois   .          Reflect  .   (helmet restricted)
rElec   .          Harm     .   (no cloak)
rCorr   .          Rampage  .   (gloves unavailable)
Will    .....                   (boots unavailable)
Stlth   ++........              (no amulet)
HPRegen 1.15/turn               (no ring)
MPRegen 0.08/turn               (no ring)

@: no status effects
A: large, unfitting armour, claws 3, regeneration 1, shaggy fur 1, tough skin 1
a: no special abilities


You were on level 2 of the Dungeon.
You visited 1 branch of the dungeon, and saw 2 of its levels.

You collected 72 gold pieces.

Inventory:

Missiles
 e - 51 stones (quivered)
 f - 22 sling bullets
 i - 46 arrows
Armour
 a - a +0 robe (worn)
Scrolls
 b - a scroll of enchant weapon {unknown}
 d - 2 scrolls of identify {unknown}
 g - a scroll of fog {unknown}
 h - a scroll of magic mapping {unknown}
Potions
 c - a potion of berserk rage {unknown}


   Skills:
 + Level 3.2 Fighting
 + Level 3.1 Dodging
 - Level 1.0 Stealth
 + Level 3.9 Unarmed Combat


You had 3 spell levels left.
You didn't know any spells.
Your spell library was empty.

Dungeon Overview and Level Annotations

Branches:
Dungeon (2/15)

Altars:

Annotations:
D:2 Sigmund


Innate Abilities, Weirdness & Mutations

You are too large for most types of armour.
You have claws for hands.
Your natural rate of healing is unusually fast.
You are covered in fur. (AC +1)
You have tough skin. (AC +1)


Message History

Natasha barely misses you.
You claw Natasha!
You kill Natasha!
Natasha growls in agony!
No target in view!
No target in view!
No target in view!
No target in view!
No target in view!
No target in view!
No target in view!
No target in view!
No target in view!
HP restored.
i - 46 arrows (gained 28)
The ogre shouts!
You claw the ogre!
The ogre is moderately wounded.
The ogre closely misses you.
You claw the ogre!
The ogre is severely wounded.
The ogre barely misses you.
You scratch the ogre.
The ogre is severely wounded.
You scratch the ogre but do no damage. Your claw misses the ogre.
The ogre is severely wounded.
The ogre hits you with a +0 giant club!!
You closely miss the ogre.
The ogre is severely wounded.
The ogre hits you with a +0 giant club.
You barely miss the ogre.
The ogre is severely wounded.
You closely miss the ogre.
The ogre is severely wounded.
The ogre hits you with a +0 giant club!
* * * LOW HITPOINT WARNING * * *
You scratch the ogre.
The ogre is almost dead.
The ogre hits you with a +0 giant club!!
You die...

.#### ..... #.#..
#.#.# ##### #.#.#
...# #.#†#
####.###.#####.#.####
......O@............#
####.###..####.####.#
.... #..# #.# #.#
##.# #..# #.####.####
#O# #..# #.#........
#.# #..# #.#.##.####
#.# #..# #.#.##.# #
#.# # #..# #.#.##.# #
##.##.##.# #..#
#.#.##.####


You could see an ogre.

Vanquished Creatures
  Natasha (twice) (D:2)
  A gnoll (D:1)
  3 dart slugs (D:1)
  3 endoplasms (D:1)
  3 giant cockroaches
  6 hobgoblins
  4 kobolds
  2 ball pythons
  A bat (D:1)
  2 frilled lizards (D:1)
  A goblin (D:1)
  3 rats (D:1)
31 creatures vanquished.

Notes
Turn   | Place    | Note
-------+----------+-------------------------------------------
     0 | D:1      | mathmaestro the Troll Monk began the quest for the Orb.
     0 | D:1      | Reached XP level 1. HP: 22/22 MP: 0/0
   323 | D:1      | Reached XP level 2. HP: 29/29 MP: 1/1
   366 | D:1      | Found a faded altar of an unknown god.
   521 | D:1      | Reached XP level 3. HP: 36/36 MP: 2/2
   878 | D:2      | Noticed an ogre
  1010 | D:2      | Noticed Natasha
  1014 | D:2      | Killed Natasha
  1189 | D:2      | Noticed Sigmund
  1247 | D:2      | Reached XP level 4. HP: 45/45 MP: 3/3
  1284 | D:2      | Noticed Natasha
  1300 | D:2      | Killed Natasha
  1334 | D:2      | Demolished by an ogre

Illustrated notes

Levels and vault maps discovered:
D:1:      grunt_arrival_crossed_arrows, layout_loops_corners,
          ebering_ecumenical_altar_sacrificial, serial_park_tiny_2,
          grunt_decor_cap
D:2:      layout_loops_ring, uniq_natasha, uniq_sigmund

Skill      XL: |  1  2  3 |
---------------+----------+-----
Fighting       | 3 |  3.2
Dodging        | 3 |  3.1
Stealth        | |  1.0
Unarmed Combat | |  3.9

Action                   |  1- 3 |  4- 6 || total
-------------------------+-------+-------++-------
Melee: Unarmed           |    65 |    22 ||    87
       Punch             |     2 |       ||     2
 Stab: Sleeping          |     1 |     1 ||     2
Armor: Robe              |     9 |     5 ||    14
Dodge: Dodged            |    24 |     6 ||    30

Table legend: (Time is in decaauts)
 A = Elapsed time spent in this place.
 B = Non-inter-level travel time spent in this place.
 C = Inter-level travel time spent in this place.
 D = Time resting spent in this place.
 E = Time spent auto-exploring this place.
 F = Levels seen in this place.
 G = Mean time per level.
                   A        B        C        D        E       F      G
               +--------+--------+--------+--------+--------+-----+--------+
         Total |   1330 |   1283 |     47 |      0 |   1048 |   2 |  665.0 |
       Dungeon |   1330 |   1283 |     47 |      0 |   1048 |   2 |  665.0 |
               +--------+--------+--------+--------+--------+-----+--------+

Top non-repeatable levels by time:
     D:1: 980 daAuts
     D:2: 350 daAuts
